 Dungeon Crawl Stone Soup version 0.30-a0-305-g026cb31310 (webtiles) character file.

Game seed: 10334630345940771838

0 byup the Ducker (level 1, -1/10 HPs)
             Began as a Felid Berserker on Oct 21, 2022.
             Was a Follower of Trog.
             Slain by a hobgoblin (5 damage)
             ... on level 1 of the Dungeon.
             The game lasted 00:00:22 (87 turns).

byup the Ducker (Felid Berserker)                     Turns: 87, Time: 00:00:23

Health: -1/10      AC:  1    Str: 13    XL:     1   Next: 8%
Magic:  2/2        EV: 18    Int:  8    God:    Trog [*.....]
Gold:   0          SH:  0    Dex: 15    Spells: 0/0 levels left
                                        Lives:  0   Deaths: 0

rFire   . . .      SeeInvis +      - Unarmed
rCold   . . .      Faith    .    (shield unavailable)
rNeg    . . .      Spirit   .    (body armour unavailable)
rPois   .          Reflect  .    (helmet unavailable)
rElec   .          Harm     .    (cloak unavailable)
rCorr   .          Rampage  .    (gloves unavailable)
Will    .....                    (boots unavailable)
Stlth   +.........               (no amulet)
HPRegen 0.21/turn                (no ring)
MPRegen 0.08/turn                (no ring)

@: quick
A: very small, claws 1, fangs 3, see invisible, speed 1, shaggy fur 1, stealthy
paws, no weapons or thrown items, no armour, multi-lived
a: Renounce Religion, Berserk


You were on level 1 of the Dungeon.
You worshipped Trog.
Trog was aware of your devotion.
You visited 1 branch of the dungeon, and saw 1 of its levels.

Inventory:

Scrolls
 a - 2 scrolls of magic mapping {unknown}


   Skills:
 + Level 3.0 Fighting
 + Level 4.0 Dodging
 + Level 3.0 Unarmed Combat


You couldn't memorise any spells.
You didn't know any spells.
Your spell library was empty.

Dungeon Overview and Level Annotations

Branches:
Dungeon (1/15)

Altars:


Innate Abilities, Weirdness & Mutations

You have sharp claws.
You have razor-sharp teeth.
You have supernaturally acute eyesight. (SInv)
You cover ground quickly. (Speed+)
You are covered in fur. (AC +1)
Your paws help you pounce on unaware monsters.
You are incapable of wielding weapons or throwing items.
You cannot wear armour.
You gain extra lives every three experience levels.


Message History

Found a staircase leading out of the dungeon.
You open the gate.
There is an open gate here.
Found a stone staircase leading down.
a - 2 scrolls labelled HIUPAE FAYT A frilled lizard comes into view.
The frilled lizard hisses angrily.
You miss the frilled lizard. Your bite misses the frilled lizard.
The frilled lizard closely misses you.
You scratch the frilled lizard.
You kill the frilled lizard!
Trog accepts your kill.
You see here a frilled lizard corpse.
Found a scroll labelled ENILEGR HULU.
You scratch the plant.
The plant begins to die.
The plant is lightly damaged.
You scratch the plant.
The plant is lightly damaged.
Found 12 gold pieces and a scroll labelled ASUD MYUDGH.
A hobgoblin and an endoplasm come into view.
A nearby plant withers and dies.
Found 7 gold pieces.
The hobgoblin shouts!
You barely miss the hobgoblin.
A ball python comes into view.
The hobgoblin hits you.
You closely miss the hobgoblin. The hobgoblin misses you.
The endoplasm freezes you.
You are frozen.
The hobgoblin completely misses you.
You closely miss the hobgoblin. The hobgoblin barely misses you.
You barely miss the hobgoblin.
You bite the hobgoblin, but do no damage.
The endoplasm misses you. The hobgoblin closely misses you.
You completely miss the hobgoblin. The endoplasm completely misses you.
The hobgoblin hits you.
* * * LOW HITPOINT WARNING * * *
You scratch the hobgoblin but do no damage.
The endoplasm closely misses you. The hobgoblin hits you.
Ouch! That really hurt!
You die...

......~.# #.~....?.
......~P$ #.~.....
#######
........####.⌠....
#......
......~......~.#
#......
......⌠~~..~~⌠.#
##...##
...............#
#...##
..$.....#....###
##...#
........####gJ.#
#...# .....?..#
#@#...... ##...
......... #.######.
#... ........# #.#
#......##.. ........#
#.######.......#..
.......##
#.##.........####.
#.##.#.........# #.#.
#.#........#...###.#.
#....†##.>.......#.#'
#................#.#.


You could see an endoplasm and a hobgoblin.

Vanquished Creatures
  A frilled lizard (D:1)
1 creature vanquished.

Vanquished Creatures (others)
  A plant (D:1)
1 creature vanquished.

Grand Total: 2 creatures vanquished

Notes
Turn   | Place    | Note
-------+----------+-------------------------------------------
     0 | D:1      | byup the Felid Berserker began the quest for the Orb.
     0 | D:1      | Reached XP level 1. HP: 10/10 MP: 2/2
    87 | D:1      | Slain by a hobgoblin

Illustrated notes

Levels and vault maps discovered:
D:1:      lemuel_arrival_funnel, layout_rooms,
          shapermc_ecumenical_altar_acropolis

Action                   || total
-------------------------++-------
Melee: Unarmed           ||    10
       Bite              ||     1
Dodge: Dodged            ||     8

Table legend: (Time is in decaauts)
 A = Elapsed time spent in this place.
 B = Non-inter-level travel time spent in this place.
 C = Inter-level travel time spent in this place.
 D = Time resting spent in this place.
 E = Time spent auto-exploring this place.
 F = Levels seen in this place.
 G = Mean time per level.
                   A        B        C        D        E       F      G
               +--------+--------+--------+--------+--------+-----+--------+
         Total |     71 |     71 |      0 |      0 |     25 |   1 |   71.0 |
       Dungeon |     71 |     71 |      0 |      0 |     25 |   1 |   71.0 |
               +--------+--------+--------+--------+--------+-----+--------+

Top non-repeatable levels by time:
     D:1: 71 daAuts
